Map: Romanticide LE

Players

DPGCure (Cure)

  • Race: Terran Terran
  • League: Master
  • Spawn Location: 11:00

DPGZest (Zest) - Winner!

  • Race: Protoss Protoss
  • Spawn Location: 5:00

Event: StayAtHome Story Cup #3

VOD

Have the link to the VOD?

Description

Time

  • Played on: March 14, 2021, 10:33 a.m.
  • Length: 16:46

All games in this series

Show
View Real Time Build Order
Export as new Build Order

DPGCure Terran 

Build Orders: Reaper Expand 

Get SALT Encoding   

  12  0:00  SCV  
  13  0:12  SCV  
  14  0:17  Supply Depot  
  14  0:24  SCV  
  15  0:39  SCV  
  15  0:40  Barracks  
  15  0:42  Refinery  
  16  0:51  SCV  
  17  1:03  SCV  
  18  1:15  SCV  
  19  1:28  Orbital Command, Reaper  
  20  1:39  Command Center  
  20  1:49  Supply Depot  
  20  1:53  SCV  
  21  2:00  Marine  
  22  2:05  SCV  
  22  2:08  Factory  
  23  2:15  Bunker  
  23  2:18  SCV  
  23  2:20  Barracks Reactor  
  24  2:25  Refinery  
  24  2:30  SCV  
  25  2:42  SCV  
  26  2:51  Hellion  
  26  2:54  Orbital Command, SCV  
  26  2:56  Starport  
  26  2:57  Marine x2  
  31  3:06  SCV  
  32  3:13  Hellion  
  32  3:15  Supply Depot  
  32  3:17  Marine x2  
  32  3:18  SCV  
  37  3:21  SCV  
  38  3:30  SCV  
  38  3:33  SCV, Medivac  
  44  3:34  Hellion  
  44  3:38  Marine x2  
  46  3:42  SCV  
  46  3:46  SCV  
  46  3:47  Supply Depot  
  48  3:54  SCV  
  49  3:56  Marine x2  
  49  3:58  SCV  
  49  3:59  Factory Tech Lab  
  49  4:00  Supply Depot  
  52  4:03  Starport Tech Lab  
  52  4:07  SCV  
  53  4:10  SCV  
  53  4:15  Marine  
  53  4:16  Marine  
  56  4:17  Barracks  
  56  4:20  Siege Tank  
  56  4:21  SCV  
  56  4:22  SCV  
  61  4:27  Raven  
  63  4:32  Supply Depot  
  63  4:33  SCV, Marine x2  
  63  4:34  SCV  
  67  4:45  Refinery, SCV  
  67  4:46  SCV  
  67  4:49  Barracks  
  67  4:51  Marine x2  
  70  4:54  Siege Tank  
  70  4:58  SCV x2  
  70  4:59  Engineering Bay  
  75  5:00  Refinery  
  75  5:04  Supply Depot  
  74  5:10  Marine x2  
  74  5:13  SCV x2  
  75  5:24  Marine  
  75  5:25  SCV x2, Stimpack  
  75  5:28  Marine x2  
  78  5:30  Terran Infantry Weapons Level 1  
  78  5:33  Starport Reactor  
  78  5:37  SCV x2  
  78  5:39  Factory Tech Lab  
  80  5:45  Command Center  
  80  5:47  Marine x4  
  80  5:48  Combat Shield  
  84  5:50  Factory Reactor  
  84  5:55  Supply Depot  
  84  5:57  Supply Depot  
  84  6:03  Barracks, Missile Turret  
  84  6:05  Barracks  
  83  6:13  SCV x2  
  83  6:16  Marine x2  
  83  6:17  Marauder x2  
  89  6:27  Medivac x2, Supply Depot  
  89  6:28  Widow Mine x2  
  97  6:34  Marine  
  97  6:35  Marine  
  97  6:37  SCV  
  97  6:38  Marauder  
  102  6:46  Supply Depot  
  102  6:48  SCV  
  102  6:49  Marauder  
  102  6:52  Barracks Reactor, Barracks Tech Lab  
  102  6:53  Marine  
  102  6:54  Marine  
  107  6:58  Widow Mine x2  
  107  6:59  Marauder  
  113  7:01  Orbital Command  
  113  7:04  Concussive Shells  
  113  7:10  Marauder, Medivac  
  113  7:11  Marauder  
  119  7:18  Marine x2  
  119  7:19  Medivac  
  119  7:21  Marauder  
  125  7:23  SCV x2  
  125  7:24  Supply Depot  
  125  7:26  Supply Depot  
  127  7:31  Marauder  
  127  7:36  Marine x2  
  133  7:37  Orbital Command, Marauder, Marine  
  133  7:45  Marine  
  133  7:46  Marauder  
  136  7:54  Marauder, Marine x2  
  136  7:55  Marine  
  143  7:58  Marauder  
  143  8:01  Widow Mine x2, Medivac  
  149  8:08  Marauder  
  149  8:13  Terran Infantry Armor Level 1  
  149  8:14  Starport, Supply Depot  
  149  8:15  Ghost Academy, Marine x3, Supply Depot  
  149  8:16  Medivac  
  149  8:18  SCV x3  
  144  8:24  Marauder, Marine  
  144  8:25  Marauder  
  144  8:26  Widow Mine  
  135  8:29  Marine  
  135  8:30  SCV  
  135  8:31  SCV x2  
  133  8:42  SCV, Medivac  
  133  8:43  Widow Mine, SCV x2  
  133  8:44  Refinery  
  133  8:45  Refinery  
  133  8:48  Widow Mine  
  142  8:49  Ghost  
  142  8:55  Ghost  
  146  8:58  Marine x4  
  150  9:03  SCV  
  150  9:04  Widow Mine, SCV x2  
  150  9:08  Supply Depot  
  157  9:10  Widow Mine, Ghost  
  159  9:17  Supply Depot  
  159  9:19  Ghost  
  159  9:20  Marine x3  
  159  9:23  Marine  
  165  9:24  Marauder  
  165  9:25  Widow Mine  
  155  9:31  Widow Mine  
  155  9:37  Marine  
  117  9:39  Marauder  
  117  9:43  Marine x2  
  115  9:46  Marine  
  73  10:33  Orbital Command  
  73  11:01  Orbital Command  
  34  13:37  Barracks Tech Lab x2  
  34  13:43  SCV x2  
  30  13:59  Supply Depot  
  30  14:04  Ghost Academy  
  30  14:21  SCV x2  
  30  14:22  Supply Depot  
  32  14:32  Ghost x2  
  32  14:33  SCV x2  
  39  14:45  SCV  
  38  14:53  Refinery  
  38  14:55  Refinery  
  38  14:57  SCV  
  37  15:06  Marine  
  36  15:10  Orbital Command  
  36  15:11  Marine  
  36  15:12  SCV  
  38  15:24  SCV  
  40  15:28  Marine  
  40  15:36  SCV  
  38  16:18  Barracks  
  38  16:32  SCV  
Show
View Real Time Build Order
Export as new Build Order

DPGZest Protoss - Winner!

Build Orders: 1 Gate Expand, Blink Stalkers 

Get SALT Encoding   

  12  0:00  Probe  
  13  0:12  Probe  
  14  0:17  Pylon  
  14  0:24  Probe (Chrono Boost)  
  15  0:36  Probe (Chrono Boost), Gateway  
  16  0:44  Probe (Chrono Boost)  
  16  0:45  Assimilator  
  17  0:51  Probe  
  18  1:03  Probe  
  19  1:15  Probe  
  20  1:23  Cybernetics Core  
  22  1:32  Nexus  
  20  1:34  Probe  
  21  1:41  Pylon  
  21  1:46  Probe  
  22  1:49  Assimilator  
  22  1:57  Adept (Chrono Boost)  
  22  1:59  Probe  
  25  2:01  Warp Gate  
  25  2:11  Probe  
  26  2:22  Twilight Council  
  26  2:23  Probe  
  27  2:32  Stalker  
  27  2:35  Probe  
  30  2:46  Probe  
  30  2:47  Probe  
  30  2:49  Gateway  
  32  2:55  Blink (Chrono Boost)  
  32  2:58  Probe  
  33  2:59  Probe  
  34  3:10  Probe  
  34  3:11  Probe  
  36  3:19  Robotics Facility  
  36  3:22  Probe  
  36  3:23  Probe  
  38  3:34  Probe  
  38  3:35  Probe  
  40  3:42  Nexus  
  40  3:49  Stalker x2  
  40  3:53  Pylon  
  44  4:03  Warp Prism (Chrono Boost)  
  46  4:11  Probe x2  
  48  4:17  Stalker x2  
  48  4:19  Pylon  
  48  4:23  Probe x2  
  54  4:32  Pylon  
  54  4:37  Probe x2  
  56  4:41  Stalker x2  
  60  4:50  Probe x2  
  60  4:52  Pylon  
  62  4:58  Probe (Chrono Boost)  
  63  5:02  Probe (Chrono Boost)  
  63  5:03  Probe (Chrono Boost)  
  63  5:05  Stalker x2  
  69  5:10  Probe (Chrono Boost)  
  69  5:11  Probe (Chrono Boost)  
  69  5:13  Probe (Chrono Boost)  
  70  5:24  Probe x2  
  70  5:26  Probe  
  70  5:28  Charge  
  72  5:36  Probe  
  72  5:37  Probe  
  72  5:38  Probe  
  72  5:39  Forge  
  72  5:40  Gateway  
  72  5:42  Gateway  
  75  5:43  Gateway  
  75  5:44  Gateway  
  75  5:45  Assimilator  
  75  5:48  Gateway, Assimilator  
  75  5:49  Probe  
  76  5:52  Shield Battery  
  76  5:54  Shield Battery  
  76  5:59  Probe x2, Pylon  
  76  6:01  Probe, Pylon  
  79  6:17  Probe x3, Protoss Ground Weapons Level 1 (Chrono Boost)  
  82  6:21  Assimilator  
  82  6:22  Templar Archives  
  82  6:24  Assimilator  
  82  6:28  Gateway  
  82  6:29  Probe  
  82  6:30  Gateway  
  82  6:31  Gateway  
  82  6:32  Pylon  
  83  6:35  Probe x2  
  83  6:39  Pylon  
  85  6:41  Probe  
  85  6:45  Psionic Storm, Sentry  
  88  6:52  Pylon x2  
  88  6:53  Zealot  
  90  6:54  Zealot, Pylon  
  90  6:58  Probe x2  
  90  6:59  Probe  
  95  7:04  High Templar x2  
  99  7:09  High Templar  
  101  7:22  Sentry x2  
  103  7:28  Zealot x5  
  113  7:38  Zealot x2  
  117  7:46  Stalker x3  
  117  7:47  Immortal  
  117  7:50  Zealot x5  
  135  8:09  Zealot x4  
  135  8:10  Zealot x5  
  135  8:11  Zealot  
  135  8:25  Archon  
  129  8:29  Immortal (Chrono Boost)  
  129  8:30  Pylon, Stalker x2  
  129  8:31  Stalker x3  
  129  8:32  Pylon  
  139  8:39  High Templar x2  
  139  8:41  Pylon  
  141  8:43  Pylon  
  141  8:50  Zealot x3, Assimilator  
  147  8:59  Zealot x4  
  155  9:07  Observer (Chrono Boost)  
  156  9:10  High Templar  
  156  9:11  High Templar, Zealot x4  
  156  9:14  Archon  
  162  9:30  Zealot  
  133  9:46  High Templar  
  133  9:47  High Templar x2  
  133  9:50  High Templar  
  116  10:02  Stalker  
  116  10:27  Nexus  
  115  10:31  Shield Battery  
  115  10:34  Shield Battery  
  89  12:26  Pylon  
  89  12:31  Archon  
  89  12:36  Pylon  
  89  12:40  Pylon  
  87  12:54  Gateway  
  73  13:16  Pylon  
  71  13:25  Gateway  
  71  13:27  Gateway  
  63  13:34  Pylon  
  59  13:48  Pylon  
  59  13:49  Gateway  
  59  13:50  Pylon  
  59  13:53  Pylon  
  59  13:54  Pylon  
  59  13:57  Pylon  
  59  14:06  Cybernetics Core  
  59  14:15  Assimilator  
  59  14:17  Assimilator  
  59  14:21  Zealot  
  59  14:22  Zealot x2  
  64  14:45  Zealot x2  
  68  15:12  Stalker x2  
  68  15:25  Stalker  
  70  15:52  Stalker x2  
  74  15:58  Zealot  
  76  16:17  Archon  
  76  16:19  Sentry x2  
  76  16:20  Zealot  
  82  16:39  Sentry  
Tags
 
Add a new tag
Caveats
  • Supply blocks, unpowered buildings, or Contaminate may cause inaccurate times.
  • Supply counts are checked every 10 seconds.